 Dungeon Crawl Stone Soup version 0.21.1-1-g345015f (webtiles) character file.

249 tidbits the Ducker (level 6, 40/50 HPs)
             Began as a Gnoll Wanderer on June 9, 2018.
             Was a Follower of Cheibriados.
             Quit the game on level 4 of the Dungeon.
             The game lasted 00:08:42 (896 turns).

tidbits the Ducker (Gnoll Wanderer)                  Turns: 896, Time: 00:08:42

Health: 40/50      AC:  5    Str: 15    XL:     6   Next: 12%
Magic:  8/8        EV: 13    Int: 19    God:    Cheibriados [*.....]
Gold:   65         SH:  5    Dex: 17    Spells: 8/8 levels left

rFire    . . .     SeeInvis .   a - +2 falchion
rCold    . . .     Gourm    .   D - +0 buckler
rNeg     . . .     Faith    .   B - +0 ring mail
rPois    .         Spirit   .   (no helmet)
rElec    .         Reflect  .   (no cloak)
rCorr    .         Harm     .   (no gloves)
MR       .....                  (no boots)
Stlth    ++........             (no amulet)
HPRegen  0.16/turn              (no ring)
MPRegen  0.11/turn              (no ring)

@: very slow
A: distributed training, fangs 1, strong nose
a: Bend Time, Renounce Religion


You were on level 4 of the Dungeon.
You worshipped Cheibriados.
Cheibriados was aware of your devotion.
You were not hungry.

You visited 2 branches of the dungeon, and saw 5 of its levels.
You also visited: Sewer.

You collected 65 gold pieces.

Inventory:

Hand Weapons
 a - a +2 falchion (weapon)
 b - a +0 dagger
 j - a +0 blowgun
Missiles
 g - 25 arrows
 k - 15 poisoned needles
Armour
 h - a +0 robe
 B - a +0 ring mail (worn)
 D - a +0 buckler (worn)
Jewellery
 e - an uncursed ring of ice
   (You found it on level 4 of the Dungeon)
Scrolls
 i - a scroll of blinking
 r - 4 scrolls of remove curse
Potions
 c - 2 potions of heal wounds
 d - 3 potions of curing
 l - 2 potions of flight
Comestibles
 f - 4 rations


   Skills:
 + Level 4.9 Fighting
 + Level 3.1 Short Blades
 + Level 4.9 Long Blades
 + Level 1.8 Axes
 + Level 1.8 Maces & Flails
 + Level 1.8 Polearms
 + Level 1.8 Staves
 + Level 1.8 Slings
 + Level 1.8 Bows
 + Level 1.8 Crossbows
 + Level 3.1 Throwing
 + Level 1.8 Armour
 + Level 4.9 Dodging
 + Level 3.0 Stealth
 + Level 3.1 Shields
 + Level 1.8 Unarmed Combat
 + Level 1.8 Spellcasting
 + Level 1.4 Conjurations
 + Level 1.4 Hexes
 + Level 1.4 Charms
 + Level 1.4 Summonings
 + Level 1.4 Necromancy
 + Level 1.4 Translocations
 + Level 1.4 Transmutations
 + Level 1.4 Fire Magic
 + Level 1.4 Ice Magic
 + Level 1.4 Air Magic
 + Level 1.4 Earth Magic
 + Level 1.4 Poison Magic
 + Level 2.0 Invocations
 + Level 1.8 Evocations


You had 8 spell levels left.
You didn't know any spells.

Dungeon Overview and Level Annotations

Branches:
Dungeon (4/15)             Temple (1/1) D:4

Altars:
Cheibriados
Elyvilon
Gozag
Makhleb
Okawaru
Sif Muna
Vehumet


Innate Abilities, Weirdness & Mutations

Your experience applies equally to all skills.
You have very sharp teeth.
Your uncanny sense of smell can sniff out nearby items.


Message History

You hear the rapid hiss of a very distant avalanche of sand.
There is a stone staircase leading up here.
The hiss of flowing sand is almost imperceptible now.
You climb upwards.
An orc comes into view.
It is wielding a short sword of draining.
Found four items.
There is a stone staircase leading down here.
You climb downwards.
You hear the hiss of flowing sand.
There is an entrance to an ossuary on this level.
Hurry and find it before the portal is buried!
The hiss of flowing sand is almost imperceptible now.
There is a stone staircase leading up here.
The walls and floor vibrate strangely for a moment.
Found a fizzy green potion.
A hound, 2 orcs and an orc wizard come into view.
The hound barks!
The orc wizard shouts!
The orc shouts!
The orc wizard gestures wildly while chanting.
The orc wizard blinks!
An adder comes into view.
You see here a fizzy green potion.
Unknown command.
c - 3 fizzy green potions (gained 1)
The hound bites you but does no damage. The orc barely misses you.
You riposte.
You closely miss the orc.
An ogre comes into view. It is wielding a giant club.
You feel agile all of a sudden. You block the hound's attack.
The orc closely misses you.
Unknown command.
The orc wizard casts a spell.
The orc wizard blinks!
The hound closely misses you.
You riposte.
The adder hisses angrily.
The ogre shouts!
You hit the hound. Your bite misses the hound.
The hound is lightly wounded.
You block the orc's attack. The hound bites you.
The hound completely misses you.
You riposte.
You completely miss the hound.
The hound is lightly wounded.
The hound barely misses you.
The orc wizard gestures wildly while chanting.
The orc wizard blinks!
The hound closely misses you. You block the hound's attack.
The hound bites you but does no damage. The hound bites you but does no damage.
The hound bites you but does no damage. The hound closely misses you.
You riposte.
Your ring mail prevents you from hitting the hound.
The hound is lightly wounded.
The hound misses you.
Unknown command.
The hound misses you. The hound completely misses you.
You block the hound's attack. The hound bites you.
The ogre shouts!
The hound bites you but does no damage.
Found a twisted tourmaline ring and a scroll of identify.
Unknown command.
The hound barely misses you.
You riposte.
You miss the hound.
The hound is lightly wounded.
The hound bites you. The hound closely misses you.
You see here a twisted tourmaline ring.
e - a twisted tourmaline ring The hound barely misses you.
You riposte.
You barely miss the hound.
The hound is lightly wounded.
You block the hound's attack.
Put on which piece of jewellery? (? for menu, Esc to quit)
You feel more attuned to ice.
e - a ring of ice (left hand)
The hound barely misses you.
You remove your ring of ice.
The hound barely misses you. The hound misses you.
You riposte.
You barely miss the hound.
The hound is lightly wounded.
The hound closely misses you.
You see here a scroll of identify.
As you read the scroll of identify, it crumbles to dust.
l - 2 potions of flight The hound closely misses you.
It was a potion of heal wounds.
You feel much better. The hound misses you. The ogre closely misses you.
The hound completely misses you. The hound bites you. The hound misses you.
You riposte.
You closely miss the hound. The orc completely misses you.
The hound closely misses you.
You riposte.
You hit the hound.
The hound is moderately wounded.
The hound closely misses you.
You riposte.
You closely miss the hound.
The hound is moderately wounded.
You feel a little less agile now. The hound closely misses you.
An orc comes into view.
The hound bites you.
The orc wizard gestures wildly while chanting.
The orc wizard seems to speed up.
Found a leather armour.
The orc shouts!
You block the hound's attack. The hound misses you.
You block the hound's attack. The orc closely misses you. The hound bites you.
Unknown command.
Are you sure you want to abandon this character and quit the game? (Confirm with "yes".)

... ..O ... ∆ .## ..# #.
# ###.....
...#.#####.#.....
........##.#.....
#...@##.#....#### ##
##[...h........... #.
.......ooO.####..#.####.
###......#o####..#So..SO
....#....o.S.#..#.#.##.
########.#.##.#.o#.#.##.
.....o.....o.#.##.
###.#.##........##.
#.#.....>........


You could see an ogre, a hound, an orc wizard, an adder and 3 orcs.

Vanquished Creatures
  A big kobold (Sewer)
  A scorpion (D:4)
  A worker ant (D:4)
  A hound skeleton (D:4)
  4 adders (D:4)
  A river rat (D:4)
  An adder skeleton (D:4)
  A dart slug (D:4)
  3 leopard geckos (D:4)
  5 orcs (D:4)
  2 giant cockroaches (D:4)
  3 goblins
  A hobgoblin (D:2)
  3 quokkas
  5 bats
  2 frilled lizards (D:2)
  4 kobolds
  8 rats
47 creatures vanquished.

Notes
Turn   | Place    | Note
-------+----------+-------------------------------------------
     0 | D:1      | tidbits the Gnoll Wanderer began the quest for the Orb.
     0 | D:1      | tidbits set off with: a +2 falchion, a potion of curing, a +0 buckler, a +0 robe, a ration
     0 | D:1      | Reached XP level 1. HP: 20/20 MP: 1/1
   197 | D:2      | Found an opulent altar of Gozag.
   199 | D:2      | Reached XP level 2. HP: 26/26 MP: 2/2
   268 | D:2      | Found a burning altar of Makhleb.
   379 | D:4      | Reached XP level 3. HP: 22/31 MP: 3/3
   393 | D:4      | Reached skill level 1 in Invocations
   416 | D:4      | Reached skill level 1 in Axes
   416 | D:4      | Reached skill level 1 in Maces & Flails
   416 | D:4      | Reached skill level 1 in Polearms
   416 | D:4      | Reached skill level 1 in Staves
   416 | D:4      | Reached skill level 1 in Slings
   416 | D:4      | Reached skill level 1 in Bows
   416 | D:4      | Reached skill level 1 in Crossbows
   416 | D:4      | Reached skill level 1 in Armour
   416 | D:4      | Reached skill level 1 in Unarmed Combat
   416 | D:4      | Reached skill level 1 in Spellcasting
   416 | D:4      | Reached skill level 1 in Evocations
   416 | D:4      | Reached XP level 4. HP: 17/38 MP: 5/5
   443 | D:4      | Found a staircase to the Ecumenical Temple.
   449 | Temple   | Entered the Ecumenical Temple
   456 | Temple   | Became a worshipper of Cheibriados the Contemplative
   471 | D:4      | Found a white marble altar of Elyvilon.
   565 | D:4      | Reached skill level 1 in Conjurations
   565 | D:4      | Reached skill level 1 in Hexes
   565 | D:4      | Reached skill level 1 in Charms
   565 | D:4      | Reached skill level 1 in Summonings
   565 | D:4      | Reached skill level 1 in Necromancy
   565 | D:4      | Reached skill level 1 in Translocations
   565 | D:4      | Reached skill level 1 in Transmutations
   565 | D:4      | Reached skill level 1 in Fire Magic
   565 | D:4      | Reached skill level 1 in Ice Magic
   565 | D:4      | Reached skill level 1 in Air Magic
   565 | D:4      | Reached skill level 1 in Earth Magic
   565 | D:4      | Reached skill level 1 in Poison Magic
   565 | D:4      | Reached XP level 5. HP: 31/43 MP: 5/7
   637 | D:4      | Found a glowing drain.
   641 | Sewer    | Entered a sewer
   676 | Sewer    | Noticed a big kobold
   689 | Sewer    | Killed a big kobold
   689 | Sewer    | Reached skill level 3 in Short Blades
   689 | Sewer    | Reached skill level 3 in Throwing
   689 | Sewer    | Reached skill level 3 in Shields
   689 | Sewer    | Reached XP level 6. HP: 40/50 MP: 8/8
   709 | Sewer    | Found a white marble altar of Elyvilon.
   805 | D:4      | Reached * piety under Cheibriados
   826 | D:4      | Reached skill level 2 in Invocations
   839 | D:4      | Reached skill level 3 in Stealth
   896 | D:4      | Quit the game

Skill      XL: |  1  2  3  4  5  6 |
---------------+-------------------+-----
Invocations    | 1 2 |  2.0
Axes           | 1 |  1.8
Maces & Flails | 1 |  1.8
Polearms       | 1 |  1.8
Staves         | 1 |  1.8
Slings         | 1 |  1.8
Bows           | 1 |  1.8
Crossbows      | 1 |  1.8
Armour         | 1 |  1.8
Unarmed Combat | 1 |  1.8
Spellcasting   | 1 |  1.8
Evocations     | 1 |  1.8
Conjurations   | 1 |  1.4
Hexes          | 1 |  1.4
Charms         | 1 |  1.4
Summonings     | 1 |  1.4
Necromancy     | 1 |  1.4
Translocations | 1 |  1.4
Transmutations | 1 |  1.4
Fire Magic     | 1 |  1.4
Ice Magic      | 1 |  1.4
Air Magic      | 1 |  1.4
Earth Magic    | 1 |  1.4
Poison Magic   | 1 |  1.4
Short Blades   | 3 |  3.1
Throwing       | 3 |  3.1
Shields        | 3 |  3.1
Stealth        | 3 |  3.0
Fighting       | |  4.9
Long Blades    | |  4.9
Dodging        | |  4.9

Action                   |  1- 3 |  4- 6 || total
-------------------------+-------+-------++-------
Melee: Falchion          |    48 |    66 ||   114
       Bite              |     3 |     9 ||    12
       Dagger            |     1 |     1 ||     2
  Use: Potion            |     2 |     2 ||     4
       Scroll            |     2 |     2 ||     4
 Stab: Sleeping          |     5 |     2 ||     7
       Invisible         |     5 |       ||     5
Armor: Robe              |     2 |       ||     2
       Ring mail         |     5 |    22 ||    27
Dodge: Dodged            |    37 |    67 ||   104
Block: Buckler           |     7 |    24 ||    31
       Rpst.: Falchion   |     9 |    22 ||    31

Table legend:
 A = Turns spent in this place as a percentage of turns spent in the entire game.
 B = Non-inter-level travel turns spent in this place as a percentage of non-inter-level travel turns spent in the entire game.
 C = Inter-level travel turns spent in this place as a percentage of turns spent in this place.
 D = Turns resting spent in this place as a percentage of non-inter-level travel turns spent in this place.
 E = Turns spent auto-exploring this place as a percentage of non-inter-level travel turns spent in this place.
 F = Non-inter-level travel turns spent in this place divided by the number of levels of this place that you've seen.
                   A       B       C       D       E      F
               +-------+-------+-------+-------+-------+----------------------
         Total | 100.0 | 100.0 |   0.0 |   0.0 |   0.0 | 149.3
       Dungeon |  86.7 |  86.7 |   0.0 |   0.0 |   0.0 | 194.2
        Temple |   1.7 |   1.7 |   0.0 |   0.0 |   0.0 |  15.0
         Sewer |  11.6 |  11.6 |   0.0 |   0.0 |   0.0 | 104.0
               +-------+-------+-------+-------+-------+----------------------

Table legend:
 A = Kills in this place as a percentage of kills in entire the game.
 B = Kills by you in this place as a percentage of kills by you in the entire game.
 C = Kills by friends in this place as a percentage of kills by friends in the entire game.
 D = Other kills in this place as a percentage of other kills in the entire game.
 E = Experience gained in this place as a percentage of experience gained in the entire game.
 F = Experience gained in this place divided by the number of levels of this place that you have seen.
                   A       B       C       D       E      F
               +-------+-------+-------+-------+-------+----------------------
         Total | 100.0 | 100.0 |   N/A |   N/A | 100.0 |  59.5
       Dungeon |  80.9 |  80.9 |   N/A |   N/A |  69.5 |  62.0
         Sewer |  19.1 |  19.1 |   N/A |   N/A |  30.5 | 109.0
               +-------+-------+-------+-------+-------+----------------------

Vault maps used:
D:1:      sevenhm_arrival_forest_fort_small_6
D:2:      nicolae_overflow_crystal_walls, lemuel_round_altar, first_ration,
          hex_intersection, kennysheep_another_room, kennysheep_generic_room_9
D:3:      overflow_temple_1_default
D:4:      elyvilon_altar_5, minmay_temple_entry_hall, gup_sewer_entry_bowl,
          nicolae_ossuary_entry_ruins
Temple:   compressed_dpeg_triangle_lava_temple
Sewer:    sewer_kobolds
